 Dungeon Sprint DCSS version 0.23-a0-175-g97aacdb (webtiles) character file.

6200000 Fang the Axe Maniac (level 27, -34/199 HPs)
             Began as a Gargoyle Gladiator on Sept 17, 2018.
             Was the Champion of Makhleb.
             Annihilated by a destroyer
             ... wielding a +9 great sword of slicing
              (152 damage)
             ... in the Dungeon (Sprint VIII: "Arena of Blood").
             The game lasted 00:01:02 (62 turns).

Fang the Axe Maniac (Gargoyle Gladiator)              Turns: 62, Time: 00:01:02

Health: -34/199    AC: 29    Str: 27    XL:     27
Magic:  22/54      EV: 27    Int: 13    God:    Makhleb [******]
Gold:   0          SH:  0    Dex: 11    Spells: 80/80 levels left

rFire    . . .     SeeInvis .   l - +∞ Axe of Woe
rCold    . . .     Gourm    .   (shield currently unavailable)
rNeg     + . .     Faith    .   b - +0 leather armour
rPois    ∞         Spirit   .   c - +0 helmet
rElec    +         Reflect  .   (no cloak)
rCorr    .         Harm     .   (no gloves)
MR       ++...     NoTele   +   (no boots)
Stlth    +++++++++.             (no amulet)
HPRegen  0.43/turn              (no ring)
MPRegen  0.34/turn              (no ring)

@: flying
A: big wings, negative energy resistance 1, electricity resistance, unbreathing,
petrification resistance, rot immunity, AC +20
a: Stop Flying, Minor Destruction, Lesser Servant of Makhleb, Major Destruction,
Greater Servant of Makhleb, Renounce Religion


You were in the Dungeon.
You worshipped Makhleb.
Makhleb was exalted by your worship.
You were not hungry.

You visited 1 branch

Inventory:

Hand Weapons
 l - the +∞ Axe of Woe (weapon)
   (You found it in the Dungeon)
Missiles
 d - 3 throwing nets (quivered)
Armour
 b - a +0 leather armour (worn)
 c - a +0 helmet (worn)
Scrolls
 k - a scroll of blinking
Potions
 e - a potion of curing
 g - a potion of heal wounds
 h - a potion of haste
 i - 2 potions of magic
 j - a potion of berserk rage
Comestibles
 f - a ration


   Skills:
 O Level 27 Fighting
 O Level 27 Axes
 O Level 27 Throwing
 O Level 27 Armour
 O Level 27 Dodging
 O Level 27 Stealth
 O Level 27 Unarmed Combat
 O Level 27 Spellcasting
 O Level 27 Invocations


You had 80 spell levels left.
You didn't know any spells.
Your spell library was empty.

Dungeon Overview and Level Annotations

Branches:
Dungeon (1/1)

Altars:
Makhleb


Innate Abilities, Weirdness & Mutations

You are resistant to torment.
Your stone body is resilient. (AC +20)
You are immune to poison.
Your large and strong wings let you fly indefinitely.
You resist negative energy. (rN+)
You are resistant to electric shocks. (rElec)
You can survive without breathing.
You are immune to petrification.
You are immune to rotting.


Message History

You hear a shout! x4
You slice the tyrant!!
You pulverise the tyrant into a thin bloody mist.
You destroy the tyrant!
Makhleb accepts your kill.
You hear a shout! x3
The destroyer blinks!
The dread throws damnation at you.
The sphere of damnation explodes!
The damnation engulfs you!
The meat berserker rages.
An accursed comes into view.
You hear a shout!
A meat berserker comes into view. It is wielding a +9 battleaxe.
The meat berserker shouts!
You hear a shout! x6
The dread appears out of thin air!
A dread comes into view.
The meat berserker hits you with a +9 battleaxe!!!
The destroyer hits you with a +9 great sword of slicing!!!!!
Ouch! That really hurt!
You die...

....%.#_.<._# .
......#))...#..%
.#.....)))_...%..
.......)M###......
....###§).....###.
......#)))....# ..
......#)))....#MO.
......))W).V.%....
#.....)).)@O%.....
......)).)%%.....#
#......))......##.
..W..#o..§....#...
..............# ..
....##.#........ .
.... ....M.......
### ....#.....###
............


You could see 3 accurseds, a destroyer, a dread (wandering), 2 meat berserkers
and a bag of meat.

Vanquished Creatures
  2 vampire knights (D)
  15 ogres (D)
  5 two-headed ogres (D)
  2 liches (D)
  2 hydras (D)
  42 orcs (D)
  3 skeletal warriors (D)
  3 large abominations (D)
  5 small abominations (D)
  6 crawling corpses (D)
85 creatures vanquished.

Vanquished Creatures (others)
  3 crawling corpses (D)
3 creatures vanquished.

Grand Total: 88 creatures vanquished

Notes
Turn   | Place    | Note
-------+----------+-------------------------------------------
     0 | D        | Found the +∞ Axe of Woe
     0 | D        | Fang the Gargoyle Gladiator began the quest for the Orb.
     0 | D        | Reached XP level 1. HP: 12/12 MP: 1/1
     2 | D        | Noticed a bag of meat
     5 | D        | Became a worshipper of Makhleb the Destroyer
     5 | D        | Noticed a bag of meat
     7 | D        | Noticed a meat berserker
     7 | D        | Noticed a bag of meat
     8 | D        | Killed a bag of meat
     8 | D        | Reached XP level 2. HP: 29/29 MP: 2/2
     8 | D        | Reached XP level 3. HP: 34/34 MP: 3/3
     8 | D        | Reached XP level 4. HP: 40/40 MP: 4/4
     8 | D        | Reached XP level 5. HP: 44/44 MP: 5/5
     8 | D        | Reached XP level 6. HP: 49/49 MP: 6/6
     8 | D        | Reached XP level 7. HP: 54/54 MP: 7/7
     8 | D        | Reached XP level 8. HP: 60/60 MP: 8/8
     8 | D        | Reached XP level 9. HP: 64/64 MP: 9/9
     8 | D        | Reached XP level 10. HP: 70/70 MP: 10/10
     8 | D        | Reached XP level 11. HP: 75/75 MP: 11/11
     8 | D        | Reached XP level 12. HP: 80/80 MP: 12/12
     8 | D        | Noticed a bag of meat
     9 | D        | Noticed a meat berserker
    10 | D        | Killed a meat berserker
    10 | D        | Reached * piety under Makhleb
    10 | D        | Reached XP level 13. HP: 90/90 MP: 13/13
    10 | D        | Gained mutation: Your large and strong wings let you fly
                  | indefinitely. [Gargoyle growth]
    10 | D        | Reached XP level 14. HP: 96/96 MP: 14/14
    10 | D        | Noticed a meat berserker
    10 | D        | Noticed a bag of meat
    11 | D        | Noticed a meat berserker
    11 | D        | Noticed a bag of meat
    12 | D        | Killed a bag of meat
    12 | D        | Killed a bag of meat
    12 | D        | Reached skill level 15 in Fighting
    12 | D        | Reached XP level 15. HP: 103/103 MP: 11/15
    13 | D        | Reached ** piety under Makhleb
    14 | D        | Killed a meat berserker
    14 | D        | Reached XP level 16. HP: 112/112 MP: 11/16
    14 | D        | Killed a meat berserker
    14 | D        | Reached skill level 27 in Axes
    14 | D        | Reached XP level 17. HP: 120/120 MP: 11/17
    16 | D        | Killed a meat berserker
    16 | D        | Reached *** piety under Makhleb
    16 | D        | Reached skill level 27 in Dodging
    16 | D        | Reached XP level 18. HP: 136/136 MP: 11/18
    17 | D        | Reached **** piety under Makhleb
    18 | D        | Noticed a meat berserker
    18 | D        | Noticed a large bag of meat
    19 | D        | Reached skill level 27 in Fighting
    20 | D        | Noticed a large bag of meat
    20 | D        | Noticed a meat berserker
    21 | D        | Reached XP level 19. HP: 151/151 MP: 12/19
    21 | D        | Reached skill level 27 in Throwing
    21 | D        | Reached ***** piety under Makhleb
    21 | D        | Reached skill level 10 in Stealth
    21 | D        | Noticed a meat berserker
    22 | D        | Noticed a meat berserker
    22 | D        | Noticed a meat berserker
    22 | D        | Noticed a destroyer
    23 | D        | Killed a meat berserker
    23 | D        | Reached skill level 15 in Armour
    23 | D        | Reached skill level 15 in Invocations
    23 | D        | Reached XP level 20. HP: 157/157 MP: 12/37
    23 | D        | Reached skill level 15 in Unarmed Combat
    24 | D        | Noticed a destroyer
    25 | D        | Killed a meat berserker
    25 | D        | Killed a destroyer
    25 | D        | Reached XP level 21. HP: 163/163 MP: 13/43
    25 | D        | Killed a meat berserker
    25 | D        | Killed a large bag of meat
    25 | D        | Reached XP level 22. HP: 169/169 MP: 13/46
    26 | D        | Reached ****** piety under Makhleb
    26 | D        | Reached skill level 27 in Stealth
    26 | D        | Noticed a large bag of meat
    27 | D        | Killed a large bag of meat
    27 | D        | Reached skill level 27 in Armour
    27 | D        | Reached skill level 27 in Invocations
    27 | D        | Reached skill level 27 in Unarmed Combat
    27 | D        | Reached XP level 23. HP: 175/175 MP: 13/53
    27 | D        | Reached skill level 27 in Spellcasting
    29 | D        | Reached XP level 24. HP: 181/181 MP: 14/54
    30 | D        | Noticed a large bag of meat
    31 | D        | Noticed a large bag of meat
    32 | D        | Killed a destroyer
    32 | D        | Reached XP level 25. HP: 187/187 MP: 14/54
    34 | D        | Noticed a destroyer
    36 | D        | Killed a large bag of meat
    36 | D        | Reached XP level 26. HP: 190/193 MP: 15/54
    41 | D        | Killed a large bag of meat
    41 | D        | Reached XP level 27. HP: 143/199 MP: 16/54
    42 | D        | Killed a large bag of meat
    52 | D        | Noticed a tyrant
    54 | D        | Noticed a tyrant
    58 | D        | Killed a tyrant
    58 | D        | Noticed a tyrant
    59 | D        | Noticed a dread
    60 | D        | Noticed an accursed
    60 | D        | Noticed an accursed
    61 | D        | Killed a tyrant
    61 | D        | Noticed an accursed
    62 | D        | Noticed a dread
    62 | D        | Annihilated by a destroyer

Vault maps used:
D:        meatsprint

Skill      XL: |  1  2  3  4  5  6  7  8  9 10 11 12 13 14 15 16 17 18 19 20 21 22 23 |
---------------+----------------------------------------------------------------------+-----
Fighting       | 11 14 15 17 18 22 27 | 27.0
Axes           | 16 21 23 26 27 | 27.0
Throwing       | 9 11 13 14 16 20 26 27 | 27.0
Dodging        | 14 18 20 23 25 27 | 27.0
Armour         | 15 21 23 27 | 27.0
Stealth        | 16 22 25 27 | 27.0
Unarmed Combat | 14 19 22 27 | 27.0
Spellcasting   | 13 18 20 26 27 | 27.0
Invocations    | 15 21 23 27 | 27.0

Action                   |  1- 3 |  4- 6 |  7- 9 | 10-12 | 13-15 | 16-18 | 19-21 | 22-24 | 25-27 || total
-------------------------+-------+-------+-------+-------+-------+-------+-------+-------+-------++-------
Melee: Executioner's axe |     1 |       |       |     1 |     3 |     4 |     2 |     7 |    23 ||    41
 Abil: Fly               |       |       |       |       |     1 |       |       |       |       ||     1
Armor: Leather armour    |       |       |       |       |       |       |     1 |       |     7 ||     8
Dodge: Dodged            |       |       |       |       |     1 |       |     2 |       |     3 ||     6

Table legend:
 A = Non-vault XP
 B = Vault XP
 C = Vault XP percentage of total XP
 D = Non-vault monster count
 E = Vault monster count
 F = Vault count percentage of total count
                 A         B        C        D         E       F
            +---------+---------+-------+---------+---------+-------
      Total |  792704 |  722779 |  47.7 |      37 |      42 |  53.2
            +---------+---------+-------+---------+---------+-------
          D |  792704 |  722779 |  47.7 |      37 |      42 |  53.2
            +---------+---------+-------+---------+---------+-------
